 Dungeon Crawl Stone Soup version 0.24-a0-417-g1cce26a4d2 (webtiles) character file.

Game seed: 4736959928858190714

539 crastion the Sneak (level 7, 0/52 HPs)
             Began as a Demonspawn Assassin on June 10, 2019.
             Was a Follower of Wu Jian.
             Slain by a wight
             ... wielding a +5 battleaxe
              (1 damage)
             ... on level 5 of the Dungeon.
             The game lasted 00:16:43 (4401 turns).

crastion the Sneak (Demonspawn Assassin)            Turns: 4401, Time: 00:16:46

Health: 0/52       AC:  6    Str: 12    XL:     7   Next: 5%
Magic:  7/7        EV: 14    Int: 12    God:    Wu Jian [*.....]
Gold:   133        SH:  0    Dex: 16    Spells: 6/6 levels left

rFire    + . .     SeeInvis .   a - +2 dagger
rCold    + . .     Gourm    .   (no shield)
rNeg     . . .     Faith    .   y - +1 leather armour {rF+}
rPois    .         Spirit   .   (no helmet)
rElec    .         Reflect  .   c - +0 cloak
rCorr    .         Harm     .   (no gloves)
MR       .....                  (no boots)
Stlth    +++.......             (no amulet)
HPRegen  0.17/turn              n - ring of protection from cold
MPRegen  0.10/turn              z - +1 ring of protection

@: lightly drained
A: talons 1, repulsion field 1, spiny 2, rot immunity
a: Renounce Religion


You were on level 5 of the Dungeon.
You worshipped Wu Jian.
Wu Jian was aware of your devotion.
You were not hungry.

You visited 1 branch of the dungeon, and saw 5 of its levels.

You collected 133 gold pieces.

Inventory:

Hand Weapons
 a - a +2 dagger (weapon)
Missiles
 d - 26 poisoned darts (quivered)
 e - 2 curare-tipped darts
Armour
 b - a +0 robe
 c - a +0 cloak (worn)
 j - a +0 leather armour
 y - a +1 leather armour of fire resistance (worn)
Jewellery
 n - a ring of protection from cold (left hand)
 t - an uncursed ring of protection from cold
 z - a +1 ring of protection (right hand)
Wands
 x - a wand of iceblast (3)
Scrolls
 h - a scroll of fog {unknown}
 i - a scroll of magic mapping {unknown}
 l - a scroll of enchant weapon {unknown}
 o - a scroll of teleportation
 q - 3 scrolls of amnesia {unknown}
 r - 2 scrolls of random uselessness {unknown}
 s - a scroll of fear {unknown}
 v - a scroll of noise {unknown}
Potions
 g - 2 potions of haste {unknown}
 m - 4 potions of curing {unknown}
 u - 3 potions of cancellation
 w - 2 potions of berserk rage {unknown}
 A - a potion of mutation {unknown}
Comestibles
 f - 3 rations


   Skills:
 + Level 3.0(2.8) Fighting
 + Level 3.6(3.4) Short Blades
 + Level 1.8(1.5) Throwing
 + Level 3.1(2.8) Armour
 + Level 2.3(2.1) Dodging
 + Level 5.4(5.1) Stealth


You had 6 spell levels left.
You didn't know any spells.
Your spell library was empty.

Dungeon Overview and Level Annotations

Branches:
Dungeon (5/15)
 Temple: D:4-7

Altars:
Wu Jian


Innate Abilities, Weirdness & Mutations

You have sharp toenails.
You are surrounded by a mild repulsion field. (EV +2)
You are mostly covered in sharp spines.
You are immune to rotting.


Message History

Found a stone staircase leading up.
A worm and a wight come into view.
The wight moves out of view.
You lunge at the wight.
You hit the wight. Your kick misses the wight.
The wight is lightly damaged.
The wight misses you.
You hit the wight.
The wight is moderately damaged.
You hit the wight but do no damage. Your kick misses the wight.
The wight is moderately damaged.
The wight barely misses you.
The wight zaps a wand.
You are blasted!
Ouch! That really hurt!
You hit the wight. Your kick misses the wight.
The wight is moderately damaged.
The wight zaps a wand.
You are blasted!
* * * LOW HITPOINT WARNING * * *
The wight hits you with a +5 battleaxe.
* * * LOW HITPOINT WARNING * * *
You feel drained.
You die...

#.....###
#........
.zw...... #
#........ #.
##..<.....
#.###.......
#......z.#
##########...@.# #
##.............##
.##.............##
.#..######......##
#..## ###.....####
..## ##.......##
.## #......... ##
#......... #
#....#####


You could see a worm and 2 wights.

Vanquished Creatures
  Sigmund (D:3)
  An ogre (D:4)
  A hound (D:4)
  An orc wizard (D:4)
  Ijyb (D:3)
  Natasha (twice) (D:2)
  A worker ant (D:4)
  3 gnolls (D:4)
  4 adders
  3 worms
  4 dart slugs
  2 leopard geckos
  4 orcs (D:4)
  9 bats
  3 giant cockroaches
  5 goblins
  6 hobgoblins
  3 jackals (D:1)
  4 quokkas
  2 ball pythons
  5 frilled lizards
  7 kobolds
  7 rats
79 creatures vanquished.

Notes
Turn   | Place    | Note
-------+----------+-------------------------------------------
     0 | D:1      | crastion the Demonspawn Assassin began the quest for the
                  | Orb.
     0 | D:1      | Reached XP level 1. HP: 16/16 MP: 1/1
   170 | D:1      | Reached skill level 4 in Stealth
   327 | D:1      | Gained mutation: You are partially covered in sharp spines.
                  | [demonic ancestry]
   327 | D:1      | Reached XP level 2. HP: 14/22 MP: 2/2
   340 | D:1      | Reached skill level 1 in Dodging
  1203 | D:2      | Noticed Natasha
  1207 | D:2      | Noticed a crimson imp
  1215 | D:2      | Noticed a crimson imp
  1220 | D:2      | Gained mutation: You are immune to rotting. [demonic
                  | ancestry]
  1220 | D:2      | Reached XP level 3. HP: 18/27 MP: 3/3
  1230 | D:2      | HP: 1/27 [crimson imp[Natasha] (3)]
  1236 | D:2      | Found an ornate altar of the Wu Jian Council.
  1574 | D:2      | Became a worshipper of the Wu Jian Council
  2081 | D:2      | Killed Natasha
  2081 | D:2      | Reached skill level 1 in Armour
  2081 | D:2      | Gained mutation: You have sharp toenails. [demonic
                  | ancestry]
  2081 | D:2      | Reached XP level 4. HP: 15/34 MP: 4/4
  2350 | D:2      | Noticed Natasha
  2379 | D:2      | Killed Natasha
  2988 | D:3      | Gained mutation: You are mostly covered in sharp spines.
                  | [demonic ancestry]
  2988 | D:3      | Reached XP level 5. HP: 39/39 MP: 5/5
  3188 | D:3      | Reached * piety under Wu Jian
  3280 | D:3      | Noticed Sigmund
  3294 | D:3      | Killed Sigmund
  3294 | D:3      | Gained mutation: You are surrounded by a mild repulsion
                  | field. (EV +2) [demonic ancestry]
  3294 | D:3      | Reached XP level 6. HP: 30/46 MP: 6/6
  3438 | D:3      | Noticed Ijyb
  3458 | D:3      | Killed Ijyb
  3458 | D:3      | Reached skill level 5 in Stealth
  4118 | D:4      | Reached XP level 7. HP: 40/52 MP: 7/7
  4303 | D:5      | Entered Level 5 of the Dungeon
  4401 | D:5      | HP: 1/52 [wight/+5 battleaxe (2)]
  4401 | D:5      | Slain by a wight

Levels and vault maps discovered:
D:1:      minmay_arrival_three_doors, layout_basic
D:2:      layout_rooms, old_standard_altar, uniq_natasha
D:3:      layout_loops_cross, uniq_ijyb, uniq_sigmund
D:4:      layout_rooms, first_ration
D:5:      layout_layer_cave, hangedman_ru_absence, gup_sewer_entry_glass,
          nicolae_gozag_cash_rules_everything_around_me

Skill      XL: |  1  2  3  4  5  6 |
---------------+-------------------+-----
Stealth        | 4 5 |  5.4
Dodging        | 1 2 |  2.3
Short Blades   | 2 3 |  3.6
Armour         | 1 2 3 |  3.1
Fighting       | 3 |  3.0
Throwing       | |  1.8

Action                   |  1- 3 |  4- 6 |  7- 9 || total
-------------------------+-------+-------+-------++-------
Melee: Dagger            |   112 |   110 |    13 ||   235
       Kick              |       |    34 |       ||    34
Invok: Lunge             |       |    16 |     1 ||    17
       Whirlwind         |       |     5 |     1 ||     6
  Use: Scroll            |     2 |       |       ||     2
       Potion            |       |     4 |       ||     4
 Stab: Sleeping          |     3 |     8 |       ||    11
       Distracted        |       |     1 |       ||     1
  Eat: Ration            |     1 |     2 |     1 ||     4
Armor: Robe              |    17 |       |       ||    17
       Leather armour    |    13 |    13 |     1 ||    27
Dodge: Dodged            |    63 |    33 |     8 ||   104

Table legend:
 A = Non-vault XP
 B = Vault XP
 C = Vault XP percentage of total XP
 D = Non-vault monster count
 E = Vault monster count
 F = Vault count percentage of total count
                 A         B        C        D         E       F
            +---------+---------+-------+---------+---------+-------
      Total |     491 |     279 |  36.2 |      76 |       3 |   3.8
            +---------+---------+-------+---------+---------+-------
        D:1 |      33 |       0 |   0.0 |      20 |       0 |   0.0
        D:2 |      88 |      33 |  27.3 |      16 |       1 |   5.9
        D:3 |      67 |     246 |  78.6 |      24 |       2 |   7.7
        D:4 |     303 |       0 |   0.0 |      16 |       0 |   0.0
            +---------+---------+-------+---------+---------+-------
